Workbook
Name Excel_BuiltIn__FilterDatabase_8: #REF!

Sheet Grade of Compliance Range
B1: RFT/RFQ Scoring Sheet | J1: Reference Number | L1: SF-CF-87
J2: Owner | L2: PRO/PMO
J3: Revision Code | L3: 6.0
J4: Implementation Date | L4: 45901
A8: 2 : Fully compliant
A9: 1 : Partially compliant
A10: 0 : Not compliant
A11: K : Disqualification
A14: * For Requirements defined as ''Killer'', a ‘’Fully Compliant’’ score should be the sole acceptable outcome. Failing to obtain a ‘’Fully Compliant’’ score on the requirements defined as Killers, will mandate immediate disqualification for bidders.

Sheet Technical Calculation
B1: RFT/RFQ Scoring Sheet | O1: Reference Number | Q1: SF-CF-87
O2: Owner | Q2: PRO/PMO
O3: Revision Code | Q3: 6.0
O4: Implementation Date | Q4: 45901
A6: Project Name | B6: Clip Alert & VIP Services Replacement
A8: Article | B8: Mandatory Requirements | C8: Weight / 100 | D8: Supplier 1 | E8: Supplier 2 | F8: Supplier 3 | G8: Supplier 4 | H8: Supplier 5 | I8: Supplier 6 | J8: Supplier 7 | K8: Remarks | L8: Supplier 1 Final | M8: Supplier 2 Final | N8: Supplier 3 Final | O8: Supplier 4 Final | P8: Supplier 5 Final | Q8: Supplier 6 Final | R8: Supplier 7 Final
A9: 1 | B9: ='Technical Scoring'!B12 -> General Requirements | C9: 20 | D9: ='Technical Scoring'!F835 -> 0 | E9: ='Technical Scoring'!G835 -> 0 | F9: ='Technical Scoring'!H835 -> 0 | G9: ='Technical Scoring'!I835 -> 0 | H9: ='Technical Scoring'!J835 -> 0 | I9: ='Technical Scoring'!K835 -> 0 | J9: ='Technical Scoring'!L835 -> 0 | L9: =D9*C9/100 -> 0 | M9: =E9*C9/100 -> 0 | N9: =F9*C9/100 -> 0 | O9: =G9*C9/100 -> 0 | P9: =H9*C9/100 -> 0 | Q9: =I9*C9/100 -> 0 | R9: =J9*C9/100 -> 0
A10: 2 | B10: ='Technical Scoring'!B103 -> Technical Requirements | C10: 10 | D10: ='Technical Scoring'!F842 -> 0 | E10: ='Technical Scoring'!G842 -> 0 | F10: ='Technical Scoring'!H842 -> 0 | G10: ='Technical Scoring'!I842 -> 0 | H10: ='Technical Scoring'!J842 -> 0 | I10: ='Technical Scoring'!K842 -> 0 | J10: ='Technical Scoring'!L842 -> 0 | L10: =D10*C10/100 -> 0 | M10: =E10*C10/100 -> 0 | N10: =F10*C10/100 -> 0 | O10: =G10*C10/100 -> 0 | P10: =H10*C10/100 -> 0 | Q10: =I10*C10/100 -> 0 | R10: =J10*C10/100 -> 0
A11: 3 | B11: ='Technical Scoring'!B168 -> Services Requirements | C11: 30 | D11: ='Technical Scoring'!F845 -> 0 | E11: ='Technical Scoring'!G845 -> 0 | F11: ='Technical Scoring'!H845 -> 0 | G11: ='Technical Scoring'!I845 -> 0 | H11: ='Technical Scoring'!J845 -> 0 | I11: ='Technical Scoring'!K845 -> 0 | J11: ='Technical Scoring'!L845 -> 0 | L11: =D11*C11/100 -> 0 | M11: =E11*C11/100 -> 0 | N11: =F11*C11/100 -> 0 | O11: =G11*C11/100 -> 0 | P11: =H11*C11/100 -> 0 | Q11: =I11*C11/100 -> 0 | R11: =J11*C11/100 -> 0
A12: 4 | B12: ='Technical Scoring'!B357 -> Security Requirements | C12: 5 | D12: ='Technical Scoring'!F848 -> 0 | E12: ='Technical Scoring'!G848 -> 0 | F12: ='Technical Scoring'!H848 -> 0 | G12: ='Technical Scoring'!I848 -> 0 | H12: ='Technical Scoring'!J848 -> 0 | I12: ='Technical Scoring'!K848 -> 0 | J12: ='Technical Scoring'!L848 -> 0 | L12: =D12*C12/100 -> 0 | M12: =E12*C12/100 -> 0 | N12: =F12*C12/100 -> 0 | O12: =G12*C12/100 -> 0 | P12: =H12*C12/100 -> 0 | Q12: =I12*C12/100 -> 0 | R12: =J12*C12/100 -> 0
A13: 5 | B13: ='Technical Scoring'!B413 -> Servers, Storage & Backup Requirements | C13: 10 | D13: ='Technical Scoring'!F851 -> 0 | E13: ='Technical Scoring'!G851 -> 0 | F13: ='Technical Scoring'!H851 -> 0 | G13: ='Technical Scoring'!I851 -> 0 | H13: ='Technical Scoring'!J851 -> 0 | I13: ='Technical Scoring'!K851 -> 0 | J13: ='Technical Scoring'!L851 -> 0 | L13: =D13*C13/100 -> 0 | M13: =E13*C13/100 -> 0 | N13: =F13*C13/100 -> 0 | O13: =G13*C13/100 -> 0 | P13: =H13*C13/100 -> 0 | Q13: =I13*C13/100 -> 0 | R13: =J13*C13/100 -> 0
A14: 6 | B14: ='Technical Scoring'!B494 -> DB Requirements | C14: 3 | D14: ='Technical Scoring'!F854 -> 0 | E14: ='Technical Scoring'!G854 -> 0 | F14: ='Technical Scoring'!H854 -> 0 | G14: ='Technical Scoring'!I854 -> 0 | H14: ='Technical Scoring'!J854 -> 0 | I14: ='Technical Scoring'!K854 -> 0 | J14: ='Technical Scoring'!L854 -> 0 | L14: =D14*C14/100 -> 0 | M14: =E14*C14/100 -> 0 | N14: =F14*C14/100 -> 0 | O14: =G14*C14/100 -> 0 | P14: =H14*C14/100 -> 0 | Q14: =I14*C14/100 -> 0 | R14: =J14*C14/100 -> 0
A15: 7 | B15: ='Technical Scoring'!B549 -> Statistics Requirements | C15: 3 | D15: ='Technical Scoring'!F857 -> 0 | E15: ='Technical Scoring'!G857 -> 0 | F15: ='Technical Scoring'!H857 -> 0 | G15: ='Technical Scoring'!I857 -> 0 | H15: ='Technical Scoring'!J857 -> 0 | I15: ='Technical Scoring'!K857 -> 0 | J15: ='Technical Scoring'!L857 -> 0 | L15: =D15*C15/100 -> 0 | M15: =E15*C15/100 -> 0 | N15: =F15*C15/100 -> 0 | O15: =G15*C15/100 -> 0 | P15: =H15*C15/100 -> 0 | Q15: =I15*C15/100 -> 0 | R15: =J15*C15/100 -> 0
A16: 8 | B16: ='Technical Scoring'!B582 -> Billing Requirements | C16: 5 | D16: ='Technical Scoring'!F860 -> 0 | E16: ='Technical Scoring'!G860 -> 0 | F16: ='Technical Scoring'!H860 -> 0 | G16: ='Technical Scoring'!I860 -> 0 | H16: ='Technical Scoring'!J860 -> 0 | I16: ='Technical Scoring'!K860 -> 0 | J16: ='Technical Scoring'!L860 -> 0 | L16: =D16*C16/100 -> 0 | M16: =E16*C16/100 -> 0 | N16: =F16*C16/100 -> 0 | O16: =G16*C16/100 -> 0 | P16: =H16*C16/100 -> 0 | Q16: =I16*C16/100 -> 0 | R16: =J16*C16/100 -> 0
A17: 9 | B17: ='Technical Scoring'!B612 -> O&M Requirements | C17: 5 | D17: ='Technical Scoring'!F863 -> 0 | E17: ='Technical Scoring'!G863 -> 0 | F17: ='Technical Scoring'!H863 -> 0 | G17: ='Technical Scoring'!I863 -> 0 | H17: ='Technical Scoring'!J863 -> 0 | I17: ='Technical Scoring'!K863 -> 0 | J17: ='Technical Scoring'!L863 -> 0 | L17: =D17*C17/100 -> 0 | M17: =E17*C17/100 -> 0 | N17: =F17*C17/100 -> 0 | O17: =G17*C17/100 -> 0 | P17: =H17*C17/100 -> 0 | Q17: =I17*C17/100 -> 0 | R17: =J17*C17/100 -> 0
A18: 10 | B18: ='Technical Scoring'!B773 -> Electrical Requirements | C18: 2 | D18: ='Technical Scoring'!F866 -> 0 | E18: ='Technical Scoring'!G866 -> 0 | F18: ='Technical Scoring'!H866 -> 0 | G18: ='Technical Scoring'!I866 -> 0 | H18: ='Technical Scoring'!J866 -> 0 | I18: ='Technical Scoring'!K866 -> 0 | J18: ='Technical Scoring'!L866 -> 0 | L18: =D18*C18/100 -> 0 | M18: =E18*C18/100 -> 0 | N18: =F18*C18/100 -> 0 | O18: =G18*C18/100 -> 0 | P18: =H18*C18/100 -> 0 | Q18: =I18*C18/100 -> 0 | R18: =J18*C18/100 -> 0
A19: 11 | B19: ='Technical Scoring'!B783 -> Information Analytics Requirements | C19: 4 | D19: ='Technical Scoring'!F869 -> 0 | E19: ='Technical Scoring'!G869 -> 0 | F19: ='Technical Scoring'!H869 -> 0 | G19: ='Technical Scoring'!I869 -> 0 | H19: ='Technical Scoring'!J869 -> 0 | I19: ='Technical Scoring'!K869 -> 0 | J19: ='Technical Scoring'!L869 -> 0 | L19: =D19*C19/100 -> 0 | M19: =E19*C19/100 -> 0 | N19: =F19*C19/100 -> 0 | O19: =G19*C19/100 -> 0 | P19: =H19*C19/100 -> 0 | Q19: =I19*C19/100 -> 0 | R19: =J19*C19/100 -> 0
A20: 12 | B20: ='Technical Scoring'!B811 -> Network Infrastructure Requirements | C20: 2 | D20: ='Technical Scoring'!F872 -> 0 | E20: ='Technical Scoring'!G872 -> 0 | F20: ='Technical Scoring'!H872 -> 0 | G20: ='Technical Scoring'!I872 -> 0 | H20: ='Technical Scoring'!J872 -> 0 | I20: ='Technical Scoring'!K872 -> 0 | J20: ='Technical Scoring'!L872 -> 0 | L20: =D20*C20/100 -> 0 | M20: =E20*C20/100 -> 0 | N20: =F20*C20/100 -> 0 | O20: =G20*C20/100 -> 0 | P20: =H20*C20/100 -> 0 | Q20: =I20*C20/100 -> 0 | R20: =J20*C20/100 -> 0
A21: 13 | B21: ='Technical Scoring'!B818 -> Network Management System Requirements | C21: 1 | D21: ='Technical Scoring'!F875 -> 0 | E21: ='Technical Scoring'!G875 -> 0 | F21: ='Technical Scoring'!H875 -> 0 | G21: ='Technical Scoring'!I875 -> 0 | H21: ='Technical Scoring'!J875 -> 0 | I21: ='Technical Scoring'!K875 -> 0 | J21: ='Technical Scoring'!L875 -> 0 | L21: =D21*C21/100 -> 0 | M21: =E21*C21/100 -> 0 | N21: =F21*C21/100 -> 0 | O21: =G21*C21/100 -> 0 | P21: =H21*C21/100 -> 0 | Q21: =I21*C21/100 -> 0 | R21: =J21*C21/100 -> 0
C22: =SUM(C9:C21) -> 100 | L22: =SUM(L9:L21) -> 0 | M22: =SUM(M9:M21) -> 0 | N22: =SUM(N9:N21) -> 0 | O22: =SUM(O9:O21) -> 0 | P22: =SUM(P9:P21) -> 0 | Q22: =SUM(Q9:Q21) -> 0 | R22: =SUM(R9:R21) -> 0
L23: SUPPLIER 1 SCORE | M23: SUPPLIER 2 SCORE | N23: SUPPLIER 3 SCORE | O23: SUPPLIER 4 SCORE | P23: SUPPLIER 5 SCORE | Q23: SUPPLIER 6 SCORE | R23: SUPPLIER 7 SCORE
A30: * For Requirements defined as ''Killer'', a ‘’Fully Compliant’’ score should be the sole acceptable outcome. Failing to obtain a ‘’Fully Compliant’’ score on the requirements defined as Killers, will mandate immediate disqualification for bidders.

Sheet Technical Scoring
B1: RFT/RFQ Scoring Sheet | I1: Reference Number | K1: SF-CF-87
I2: Owner | K2: PRO/PMO
I3: Revision Code | K3: 6.0
I4: Implementation Date | K4: 45901
A6: Project Name | B6: Clip Alert & VIP Services Replacement
B8: For each requirement where the Bidder declares compliance, the Bidder must provide corresponding evidence and supporting documentation. Such evidence shall clearly reference the specific document, section, page, and paragraph demonstrating compliance. Any requirement marked as compliant without adequate supporting evidence and clear references may be considered non-compliant at the discretion of MIC1.
B9: Wherever MIC1 explicitly requests a separate quotation for a specific item, capacity expansion, license, hardware component, interface, or any other requirement, the Bidder shall provide a separate and clearly identified price in the BOQ. In case no separate quotation is provided for an explicitly requested item, MIC1 will consider that such item is already included in the Bidder's basic offer and/or in the proposed solution and shall be provided at no additional cost. The Bidder shall clearly identify any exceptions, exclusions, or additional costs associated with the proposed solution. Any item not explicitly identified as an exception or separately chargeable shall be considered included in the basic offer.
A11: Article | B11: Requirements | C11: Weight | D11: Killer | E11: Responsible entity / entities | F11: Supplier 1 | G11: Supplier 2 | H11: Supplier 3 | I11: Supplier 4 | J11: Supplier 5 | K11: Supplier 6 | L11: Supplier 7
A12: 1 | B12: General Requirements
A13: 1.1 | B13: Common Requirements
A14: 1.1.1 | B14: The bidder shall provide an executive summary of the key technical, service and commercial issues related to the project. | C14: 75 | D14: No | E14: Network Services
A15: 1.1.2 | B15: The bidder shall provide a Technical, Business and environmental product specifications for the proposed platform | C15: 75 | D15: No | E15: Network Services
A16: 1.1.3 | B16: The bidder shall provide a Data flow matrix for each interface on the proposed solution. | C16: 75 | D16: No | E16: Network Services
A17: 1.1.4 | B17: A user manual for all the tools delivered by the bidder shall be delivered. | C17: 75 | D17: No | E17: Network Services
A18: 1.1.5 | B18: High Level Design: the bidder shall provide a detailed HLD document explaining: - The logical, functional and physical architecture of the solution - Each module with diagrams - Describing of the solution and the included features - Presenting the physical description - Any other issue… | C18: 75 | D18: No | E18: Network Services
A19: 1.1.6 | B19: Low Level Design: The bidder shall deliver a Low Level Design for the solution and details on all the interfaces and how it should be integrated into MIC1’s networks. Including architecture diagrams. | C19: 100 | D19: No | E19: Network Services
A20: 1.1.7 | B20: User Manual: the bidder shall provide a detailed and complete user manual for the solution (Including all the modules and tools delivered with the solution). The user manual shall contain detailed description for all the parameters and configurations that could be done on the proposed solution and for all the provided features. | C20: 100 | D20: No | E20: Network Services
A21: 1.1.8 | B21: The bidder shall provide a detailed description for each feature provided within the proposed solution. | C21: 100 | D21: No | E21: Network Services
A22: 1.1.9 | B22: The bidder shall provide a detailed project implementation plan for the proposed solution. | C22: 100 | D22: No | E22: Network Services
A23: 1.1.10 | B23: The bidder shall describe the methodology applied while providing a detailed responsibility matrix | C23: 100 | D23: No | E23: Network Services
A24: 1.1.11 | B24: The bidder shall describe the migration strategy applied while noting that MIC1's preference is to have a phased approach (2 or 3 phases), | C24: 100 | D24: No | E24: Network Services
A25: 1.1.12 | B25: The bidder shall describe the problem resolution and escalation method applied during project implementation | C25: 100 | D25: No | E25: Network Services
... A29: 1.1.16 | B29: The bidder's proposed solution and planning shall provide MIC1 the possibility to go live 4 calendar months after purchase order. In case of delay in the delivery, a penalty of 1% per day of delay shall be deducted from the total amount for a maximum of 20% | C29: 100 | D29: Yes | E29: Network Services
A30: 1.2 | B30: Solution description and information
A31: 1.2.1 | B31: The bidder shall provide a high level description of the major hardware components included in the proposed platform | C31: 75 | D31: No | E31: Network Services
A32: 1.2.2 | B32: The bidder shall provide the end of support date of the proposed platform and features | C32: 100 | D32: No | E32: Network Services
A33: 1.2.3 | B33: The bidder shall describe in details the hardware architecture of the proposed platform | C33: 75 | D33: No | E33: Network Services
A34: 1.2.4 | B34: The bidder shall state the number of normal versions released per year | C34: 50 | D34: No | E34: Network Services
A35: 1.3 | B35: References
A36: 1.3.1 | B36: The bidder shall provide a customer reference list (regional and international) for the proposed platform and provided services. This list should indicate clearly which references are commercial references, contracts or current trials. The dates of commercial deployments or deployment targets for contracts should be specified. | C36: 100 | D36: No | E36: Network Services
A37: 1.3.2 | B37: The bidder shall provide additional relevant referential information (including details such as number of served subscribers, number of nodes, implemented features, etc.) regarding commercial live networks worldwide that use the proposed solution | C37: 75 | D37: No | E37: Network Services
A38: 1.3.3 | B38: The bidder shall provide details of its Research and Development Teams affected to the creation and evolution of the product and associated systems (e.g. OSS, Backup restore, ...), with particular reference to the dedicated resources (e.g. number of dedicated engineers and labs, location...) | C38: 50 | D38: No | E38: Network Services
A39: 1.3.4 | B39: The bidder shall share at least 3 Telco. mobile references, where his solution is deployed and operational, with project implementation start up date, completion date, go live date, current operational release, supported features, etc. each operator must have more than 2.5M subscribers and solution for each operator must be live from at least 5 years Bidder to provide evidence from each reference. | C39: 100 | D39: Yes | E39: Network Services
A40: 1.3.5 | B40: The bidder shall provide details about the support team skills and qualifications. | C40: 50 | D40: No | E40: Network Services
A41: 1.4 | B41: Training
A42: 1.4.1 | B42: The bidder shall provide technical trainings for MIC1's engineers. | C42: 100 | D42: Yes | E42: Network Services
A43: 1.4.2 | B43: Training activities provided by the bidder shall be supported with: • Training material • Pre-launch hands-on sessions on the deployed equipment before it is put in production use • Software simulation or remote virtual access to the Bidder lab facility (the latter is preferred) | C43: 75 | D43: No | E43: Network Services
A44: 1.4.3 | B44: Training courses shall be delivered in in English language | C44: 75 | D44: No | E44: Network Services
A45: 1.4.4 | B45: Training shall be delivered before the formal production launch of the platform and the acceptance tests. | C45: 75 | D45: No | E45: Network Services
A46: 1.4.5 | B46: Course documentation shall be distributed to all participants; electronic format for the course documentation is highly preferred by MIC1; product manuals for all products covered in the course are to be provided in electronic format. | C46: 75 | D46: No | E46: Network Services
A47: 1.4.6 | B47: The bidder shall provide all needed equipment’s and software’s as materials to fulfill the training objectives. | C47: 75 | D47: No | E47: Network Services
A48: 1.4.7 | B48: 8 (Eight) VAS Engineering & Operations specialists to be trained on: Platform architecture, capabilities, equipment hardware and software, dimensioning criteria and guidelines, configuration, services and features, Administration Interface, protocol interfaces , OSS interfaces and integration, performance and monitoring. | C48: 100 | D48: No | E48: Network Services
A49: 1.4.8 | B49: The bidder shall specify the duration and location of the training. | C49: 100 | D49: No | E49: Network Services
A50: 1.4.8.1 | B50: If the training is abroad, the bidder shall cover all travel expenses within the provided quotation | C50: 75 | D50: No | E50: Network Services
A51: 1.4.9 | B51: The bidder shall specify the qualifications of the trainers and their certifications. | C51: 75 | D51: No | E51: Network Services
A52: 1.5 | B52: Test Bed Requirements
A53: 1.5.1 | B53: The bidder shall offer within the solution a test bed to be quoted separately | C53: 50 | D53: No | E53: Network Services
A54: 1.5.2 | B54: The bidder shall provide a test platform that has the same features and capabilities (but with the minimum capacity) as the real live platform. This platform shall be integrated with MIC1 network to achieve the same functionality available on live environment | C54: 50 | D54: No | E54: Network Services
A55: 1.5.3 | B55: All the changes, rules and policies shall be developed and tested on the test platform before being moved to the live platform. | C55: 50 | D55: No | E55: Network Services
A56: 1.5.4 | B56: All the third party applications shall be integrated with the test platform, for testing, before being integrated on the live platform. | C56: 50 | D56: No | E56: Network Services
A57: 1.5.5 | B57: It shall be possible to import and export configurations between the tests platform and the live platform without any impact on the running services. | C57: 50 | D57: No | E57: Network Services
A58: 1.5.6 | B58: It shall be possible to back up the running configurations on the live platform and make a fallback in case the new updated service runs wrong. | C58: 50 | D58: No | E58: Network Services
A59: 1.5.7 | B59: The bidder shall present a clear business process allowing MIC1 to put configurations into live on the solution and retire configurations in a secure manner. (Move configurations from the development and test platform to the live platform). | C59: 50 | D59: No | E59: Network Services
A60: 1.5.8 | B60: Any future upgrade on the solution shall be done on the test platform and tested before installing it on the live platform. | C60: 50 | D60: No | E60: Network Services
A61: 1.5.9 | B61: The test bed shall have all the features available on the platform, even if not purchased for the live scope. The purpose is to be able to test these features on test bed before ordering them for live deployment. | C61: 50 | D61: No | E61: Network Services
A62: 1.6 | B62: Roadmap
A63: 1.6.1 | B63: The bidder shall present the evolution roadmap of the proposed platform. | C63: 100 | D63: No | E63: Network Services
A64: 1.6.2 | B64: The bidder shall provide information on the position of the proposed solution within the standards landscape. | C64: 75 | D64: No | E64: Network Services
A65: 1.6.3 | B65: The bidder shall provide for the proposed solution a roadmap for at least the next three years | C65: 75 | D65: No | E65: Network Services
A66: 1.6.4 | B66: The bidder shall state the planned compliance with all upcoming 3GPP specification releases for the next 5 years | C66: 75 | D66: No | E66: Network Services
A67: 1.6.5 | B67: The bidder shall inform MIC1 whenever a new product or SW version is released | C67: 50 | D67: No | E67: Network Services
A68: 1.6.6 | B68: The bidder shall take into consideration that MIC1 is eligible for one SW upgrade free of charge per year | C68: 50 | D68: No | E68: Network Services
A69: 1.7 | B69: Features provided
A70: 1.7.1 | B70: The features offered should have the latest commercial release deployed by the bidder. In the negative case (not possible to offer the latest release), an explanation should be offered. | C70: 100 | D70: No | E70: Network Services
A71: 1.7.2 | B71: The bidder should state the release of the feature (basic or optional) offered, and its compliance with the corresponding 3GPP specs. | C71: 75 | D71: No | E71: Network Services
A72: 1.7.3 | B72: The bidder should state any deviation from the 3GPP specs for each feature. The document describing the deviation from GSMA specs will be binding to the bidder and any other deviation discovered during execution will be subject to a penalty of (procurement to state the penalty here)…. | C72: 75 | D72: Yes | E72: Network Services
A73: 1.7.4 | B73: For each feature available in the proposed solution, the bidder must advise if it is considered as basic feature or if it optional and can be purchased separately | C73: 100 | D73: No | E73: Network Services
A74: 1.8 | B74: Service delivery
A75: 1.8.1 | B75: The bidder shall provide MIC1 a project plan detailing all the steps and durations for the implementation of the proposed solution including the activities that should be performed by third parties. This shall clearly present for MIC1 the readiness of the entire solution. In addition, the bidder shall provide a responsibility matrix associated to the entire solution project plan. | C75: 100 | D75: No | E75: Network Services
A76: 1.8.2 | B76: The bidder shall commit to deliver the solution according to the project plan. | C76: 100 | D76: No | E76: Network Services
A77: 1.8.3 | B77: The bidder shall provide the scope of the work to be performed by each of the third parties that contribute to the realization of the solution. | C77: 75 | D77: No | E77: Network Services
A78: 1.9 | B78: Testing and Acceptance Requirements
A79: 1.9.1 | B79: Testing Strategy
A80: 1.9.1.1 | B80: The bidder shall describe the testing strategy that will be used during the project to guarantee the final result. | C80: 100 | D80: No | E80: Network Services
A81: 1.9.2 | B81: Testing Deliverables
A82: 1.9.2.1 | B82: Test Plan: bidder shall deliver a Test Plan describing the strategy followed for testing: test objectives, test environment, test resources requirements, duration for tests, test tools needed, technical testing, functional testing, integration testing, performance testing, End-to-End testing, parallel run, soft-launch validation. | C82: 100 | D82: No | E82: Network Services
A83: 1.9.2.2 | B83: Test Design: bidder shall deliver a Test Design Document including all the needed test cases in order to assure that the system is fit for purpose and fit for use. | C83: 75 | D83: No | E83: Network Services
A84: 1.9.2.3 | B84: Acceptance Report: bidder shall deliver an Acceptance Report detailing the execution phase, reporting remaining issues/defects and proposed acceptance criteria. | C84: 100 | D84: Yes | E84: Network Services
A85: 1.9.3 | B85: MIC1 rights
A86: 1.9.3.1 | B86: MIC1 reserves the right to add or modify the test plan and acceptance report to include additional or missing objectives, requirements, and acceptance criteria. | C86: 100 | D86: Yes | E86: Network Services
A87: 1.9.3.2 | B87: MIC1 will include his requirements (functional testing, integration testing, regression testing, training…) and reserves the right to require additional tests to verify the correct installation/integration in the network. | C87: 75 | D87: No | E87: Network Services
A88: 1.9.3.3 | B88: The acceptance process is based on the following requirements:
A89: 1.9.3.4 | B89: Acceptance tests will be performed to determine if the system delivered meets the required and specified accuracy, throughput, functionality and business requirements specified. | C89: 100 | D89: No | E89: Network Services
A90: 1.9.3.5 | B90: Implementer certified engineers shall be present during the performance of each system acceptance test. In no way shall the bidder deviate from the systems acceptance test plan negotiated. | C90: 75 | D90: No | E90: Network Services
A91: 1.9.3.6 | B91: MIC1 reserves the right to conduct additional tests at any time during the life of the project without any additional cost. | C91: 75 | D91: No | E91: Network Services
A92: 1.9.3.7 | B92: Implementer shall prepare and document containing validation and test plans for the acceptance phase, including expected results and validation/ testing techniques for accuracy, throughput, functionality and all other requirements, Fault and error cases, Performance and load tests, Testing of all the provided tools. | C92: 75 | D92: No | E92: Network Services
A93: 1.9.3.8 | B93: Ø The bidder shall perform all system acceptance validation/ testing in accordance with the MIC1 approved test plans. | C93: 75 | D93: No | E93: Network Services
A94: 1.9.3.9 | B94: Ø MIC1 will review the results of the validation and provide an acceptance or rejection letter signed by the proper MIC1 authority and addressed to the bidder. | C94: 75 | D94: No | E94: Network Services
A95: 1.9.3.10 | B95: Ø It’s only after the bidder receives MIC1 acceptance letter that the requirements will be considered as completed and accepted. | C95: 100 | D95: No | E95: Network Services
A96: 1.9.3.11 | B96: Ø These test plans shall indicate what requirements will be validated in conjunction with the bidder prior to usage verses those requirements validated through daily usage by MIC1 staff and personnel. | C96: 75 | D96: No | E96: Network Services
A97: 1.9.3.12 | B97: Ø The bidder shall provide a full and complete audit trail for all system and solution acceptance validation / testing and the requisite reports from this audit trail. | C97: 50 | D97: No | E97: Network Services
A98: 1.9.3.13 | B98: Ø All plans must be approved by MIC1 prior to acceptance testing and shall be contract deliverables. | C98: 75 | D98: No | E98: Network Services
A99: 1.9.3.14 | B99: Errors detection scenarios: Testing should intentionally attempt to make things go wrong to determine if things happen when they should not or things do not happen when they should. In this area test boundary conditions should be included in acceptance tests and should cover all data flows integrated. | C99: 75 | D99: No | E99: Network Services
A100: 1.9.3.15 | B100: Parallel Run / Business simulation phase should be clearly defined by the Bidder, with proposed step-by-step scenario and reconciliation process that guarantee system integrity and readiness to go live (soft launch phase) | C100: 100 | D100: Yes | E100: Network Services
... A102: 1.9.3.17 | B102: Final Acceptance (FA) granted 6 months after PA, if : all pending list items of the PA have been cleared, and only in case during these 6 months no service affecting fault occurred, and the Bidder fixed all support relevant issues within the Service Level Agreement to be defined. | C102: 100 | D102: Yes | E102: Network Services
A103: 2 | B103: Technical Requirements
A104: 2.1 | B104: General requirements
A105: 2.1.1 | B105: Project Management & Implementation: The bidder shall demonstrate his ability to manage the integration of the solution with IN services in an operator environment and cope to any customization needed. Thus, the bidder is asked to provide MIC1 with details about the following project management points: • Methodology applied • Resource requirements • Implementation and migration strategy • Quality Assurance • Issue resolution and escalation methods • Timely decision making • Concept of risk management and budget follow up • Describe the mix between permanent and contract employees for such a project | C105: 75 | D105: No | E105: Network Services
A106: 2.1.2 | B106: Proven track record: the bidder shall provide relevant lessons learned from previous experience and include: • A practical understanding of successful integration as a process • An understanding of MIC1’s business • The particular requirements: - Recommendations for the structure and resources needed from MIC1 - Potential bottlenecks - Alternative solutions - A reference site questionnaire which must be completed for every site submitted as a reference (refer to appendix A). | C106: 75 | D106: No | E106: Network Services
A107: 2.1.3 | B107: The bidder shall provide an introduction to the company (turnover, net income, number of employees, worldwide coverage, offices in the Middle East region, other). | C107: 100 | D107: No | E107: Network Services
...
